 Dungeon Crawl Stone Soup version 0.19-a0-82-gd3566c2 (webtiles) character file.

2738 wvc the Cleaver (level 9, -1/75 HPs)
             Began as a Deep Dwarf Fighter on May 14, 2016.
             Was a Priest of Makhleb.
             Killed from afar by Duffy's ghost (23 damage)
             ... with a flame tongue
             ... on level 5 of the Dungeon.
             The game lasted 00:11:38 (3885 turns).

wvc the Cleaver (Deep Dwarf Fighter)                Turns: 3885, Time: 00:11:38

Health: -1/75      AC: 10    Str: 20    XL:     9   Next: 40%
Magic:  9/9        EV:  8    Int:  9    God:    Makhleb [***...]
Gold:   166        SH: 12    Dex: 15    Spells: 0 memorised, 8 levels left

rFire  . . .     SeeInvis .     a - +0 war axe
rCold  . . .     Gourm    .     n - +0 ring mail
rNeg   . . .     Faith    .     c - +0 shield
rPois  .         Spirit   .     y - +1 helmet
rElec  .         Dismiss  .     (no cloak)
rCorr  .         Reflect  +     (no gloves)
SustAt .         Harm     .     w - +2 pair of boots
MR     ++...     Rnd*Tele +     u - +3 amulet of reflection
Stlth  +.........               b - ring of protection from magic
                                z - ring of teleportation (curse)

@: non-regenerating, drained, very resistant to hostile enchantments, very
unstealthy
A: damage resistance, recharge devices, sense surroundings 2, slow regeneration
3
a: Device Recharging, Minor Destruction, Lesser Servant of Makhleb, Renounce
Religion


You were on level 5 of the Dungeon.
You worshipped Makhleb.
Makhleb was most pleased with you.
You were not hungry.

You visited 1 branch of the dungeon, and saw 5 of its levels.
You also visited: Sewer and Ossuary.

You collected 319 gold pieces.
You spent 153 gold pieces at shops.

Inventory:

Hand Weapons
 a - a +0 war axe (weapon)
 g - a +0 blowgun
Missiles
 i - 20 poisoned needles
 v - 2 curare-tipped needles
 M - 8 javelins (quivered)
Armour
 c - a +0 shield (worn)
 n - a +0 ring mail (worn)
 w - a +2 pair of boots (worn)
 y - a +1 helmet (worn)
 E - a +0 pair of gloves
Magical Staves
 J - an uncursed staff of fire
Jewellery
 b - a ring of protection from magic (right hand)
 o - an uncursed ring of magical power
 r - an uncursed ring of wizardry
 u - a +3 amulet of reflection (around neck)
 z - a cursed ring of teleportation (left hand)
 B - an uncursed ring of poison resistance
 D - an uncursed ring of protection from magic
Wands
 e - a wand of heal wounds (3/9)
 l - a wand of acid (3/15)
 F - a wand of lightning (4/15)
 K - a wand of disintegration (0/24)
 L - a wand of teleportation (3/9)
Scrolls
 x - 3 scrolls of teleportation
 C - 2 scrolls of enchant armour
Potions
 d - a potion of might
 h - a potion of invisibility
 j - 2 potions of agility
 k - 4 potions of flight
 m - a potion of brilliance
 q - 7 potions of curing
 s - 2 potions of cure mutation
 t - 3 potions of heal wounds
 G - a potion of haste
 H - 2 potions of mutation
 I - 2 potions of cancellation
Miscellaneous
 A - a plain deck of defence
Comestibles
 f - 7 bread rations
 p - a meat ration


   Skills:
 + Level 3.1(2.5) Fighting
 + Level 13.3(12.6) Axes
 + Level 3.4(2.8) Armour
 + Level 1.8(1.2) Dodging
 + Level 3.8(3.2) Shields


You had 8 spell levels left.
You didn't know any spells.

Dungeon Overview and Level Annotations

Branches:
Dungeon (5/15)
 Temple: D:4-7

Altars:
Elyvilon
Nemelex Xobeh
Pakellas

Shops:
D:5 *

Annotations:
D:5 Duffy's ghost, novice DrFE


Innate Abilities, Weirdness & Mutations

You are resistant to damage.
You can recharge devices by infusing magical energy.
You passively map the area around you.
You do not regenerate naturally.


Message History

You kill the quokka!
Makhleb accepts your kill. The orc hits you but does no damage.
Duffy's ghost (novice DrFE) comes into view.
It is wielding a weapon of venom.
Duffy's ghost turns its malevolent gaze towards you.
You slash the orc!
You kill the orc!
Makhleb accepts your kill.
Things that are here:
a whip; a ring mail
Found a ring mail.
Duffy's ghost breathes negative energy at you.
The bolt of negative energy hits you!
You feel drained.
* * * LOW HITPOINT WARNING * * *
You are too injured to fight recklessly!
You are too injured to fight recklessly!
You are too injured to fight recklessly!
Duffy's ghost gestures at you while chanting.
The flame tongue hits you!
You die...

..#.#.#.....#.......(####........
..#.#.#.....#......#...##........
..#...#######..∩..###(..###......
.##...............#≈≈...≈≈#......
##..###.#####.....#≈.(♣..≈#......
...####.#####.............)).....
...........[...W....♣._.♣.[......
...###..#######.......(..........
#......## #.)@.#≈(.♣..≈#######
#...##########.†..#≈≈..(≈≈# *
.....####.......#.###)..###
...#......####.##........# * *
....†...### #.#.......#.## ,
..####....###.....>....#..# * ,
.## ##...........[.....#.## , ..#
##...##.........#....# ..#
#...##.........###..# ,


You could see Duffy's ghost.

Vanquished Creatures
  A kobold demonologist (Sewer)
  Grinder (D:3)
  The ghost of Lugonue the Skirmisher, an amateur DsCK of Xom (D:3)
  3 sky beasts (D:5)
  2 phantoms
  3 ogres
  A centaur (D:5)
  A big kobold (Sewer)
  A gnoll sergeant (D:4)
  A water moccasin zombie (Ossuary)
  2 crimson imps (D:5)
  A quasit (Sewer)
  4 orc priests
  2 hounds (D:5)
  An iguana (D:4)
  Jessica (D:2)
  Ijyb (D:2)
  12 orc wizards
  2 worker ants (D:5)
  4 big kobold zombies
  2 mummies (Ossuary)
  Robin (D:3)
  8 gnolls
  6 adders
  4 shadow imps (Sewer)
  4 ufetubi (Sewer)
  2 oozes
  6 adder zombies (Ossuary)
  2 worms
  2 dart slugs
  8 giant geckos
  15 orcs
  2 ball pythons (D:3)
  A bat zombie (Sewer)
  6 giant cockroaches
  5 gnoll zombies (Ossuary)
  18 goblins
  8 hobgoblins
  5 jackals
  2 quokkas
  4 bats
  A giant gecko zombie (D:5)
  2 giant newts
  2 goblin zombies (D:5)
  6 hobgoblin zombies (Ossuary)
  17 kobolds
  3 kobold zombies (Ossuary)
  5 orc zombies (Ossuary)
  A rat (D:3)
193 creatures vanquished.

Vanquished Creatures (others)
  A quokka (D:5)
1 creature vanquished.

Grand Total: 194 creatures vanquished

Notes
Turn   | Place    | Note
--------------------------------------------------------------
     0 | D:1      | wvc the Deep Dwarf Fighter began the quest for the Orb.
     0 | D:1      | Reached XP level 1. HP: 20/20 MP: 1/1
   170 | D:1      | Reached skill level 3 in Axes
   170 | D:1      | Reached XP level 2. HP: 20/27 MP: 2/2
   449 | D:1      | Reached XP level 3. HP: 19/33 MP: 3/3
   450 | D:1      | Reached skill level 4 in Axes
   571 | D:2      | Reached XP level 4. HP: 21/40 MP: 4/4
   670 | D:2      | Found an oddly glowing altar of Pakellas.
   699 | D:2      | Noticed Ijyb
   708 | D:2      | Killed Ijyb
   708 | D:2      | Reached skill level 5 in Axes
   769 | D:2      | Noticed Jessica
   773 | D:2      | Killed Jessica
   898 | D:3      | Reached skill level 6 in Axes
   898 | D:3      | Reached XP level 5. HP: 45/46 MP: 5/5
  1235 | D:3      | Noticed Grinder
  1261 | D:3      | Killed Grinder
  1261 | D:3      | Reached skill level 7 in Axes
  1261 | D:3      | Reached XP level 6. HP: 46/55 MP: 6/6
  1272 | D:3      | Noticed Robin
  1287 | D:3      | Reached skill level 8 in Axes
  1293 | D:3      | Killed Robin
  1302 | D:3      | Found a glowing drain.
  1309 | D:3      | Noticed Lugonue's ghost (amateur DsCK)
  1338 | D:3      | Killed Lugonue's ghost
  1338 | D:3      | Reached XP level 7. HP: 38/61 MP: 7/7
  1351 | Sewer    | Entered a sewer
  1460 | Sewer    | Found a burning altar of Makhleb.
  1488 | Sewer    | Reached skill level 9 in Axes
  1503 | Sewer    | Became a worshipper of Makhleb the Destroyer
  1555 | Sewer    | Noticed an apprentice kobold demonologist
  1580 | Sewer    | Killed an apprentice kobold demonologist
  1580 | Sewer    | Reached skill level 10 in Axes
  1624 | Sewer    | Reached XP level 8. HP: 28/68 MP: 8/8
  1923 | D:3      | Reached * piety under Makhleb
  2405 | D:4      | Found a sparkling altar of Nemelex Xobeh.
  2535 | D:4      | Reached skill level 11 in Axes
  3016 | D:4      | Reached skill level 12 in Axes
  3017 | D:4      | Reached ** piety under Makhleb
  3250 | D:5      | Entered Level 5 of the Dungeon
  3268 | D:5      | Found a white marble altar of Elyvilon.
  3288 | D:5      | Found Suj Heamubah's Assorted Antiques.
  3338 | D:5      | Gained mutation: You passively map the area around you. [Deep Dwarf growth]
  3338 | D:5      | Reached XP level 9. HP: 53/74 MP: 9/9
  3352 | D:5      | Bought a pair of gloves for 81 gold pieces
  3352 | D:5      | Bought a gold wand for 72 gold pieces
  3370 | D:5      | Found a sand-covered staircase.
  3403 | Ossuary  | Entered an ossuary
  3431 | Ossuary  | Reached skill level 13 in Axes
  3504 | Ossuary  | Reached *** piety under Makhleb
  3740 | D:5      | Reached skill level 1 in Dodging
  3880 | D:5      | Noticed Duffy's ghost (novice DrFE)
  3885 | D:5      | Killed from afar by Duffy's ghost

Vault maps used:
D:1:      mrwooster_arrival_statue, serial_glass, glass_columns_a,
          glass_columns_b, dk_noncrumbling_3
D:2:      nicolae_overflow_crystal_walls, first_bread, minivault_26,
          uniq_jessica, uniq_crazy_yiuf_cottage, uniq_iyjb
D:3:      portal_sewer_entry_f, uniq_robin, uniq_grinder
D:4:      nemelex_deck, lightli_minifort
D:5:      enter_ossuary_4, serial_shops, shop, elyvilon_altar_4
Sewer:    kennysheep_sewer_church
Ossuary:  ossuary_tomb_2

Skill      XL: |  1  2  3  4  5  6  7  8  9 |
---------------+----------------------------+-----
Axes           | 3 4 6 7 8 10 12 13 | 13.3
Dodging        | 1 |  1.8
Fighting       | 3 |  3.1
Armour         | |  3.4
Shields        | |  3.8

Action                   |  1- 3 |  4- 6 |  7- 9 || total
-------------------------+-------+-------+-------++-------
Melee: War axe           |    57 |   131 |   527 ||   715
Evoke: Wand              |       |     2 |     3 ||     5
  Use: Scroll            |       |       |    19 ||    19
       Potion            |       |       |     1 ||     1
 Stab: Invisible         |       |       |     7 ||     7
  Eat: Chunk             |       |     1 |     1 ||     2
       Fruit             |       |       |     5 ||     5
       Pizza             |       |       |     1 ||     1
       Beef jerky        |       |       |     1 ||     1
       Meat ration       |       |       |     1 ||     1
Armor: Scale mail        |    14 |       |       ||    14
       Ring mail         |     7 |    35 |   166 ||   208
Dodge: Dodged            |    17 |    46 |    99 ||   162
Block: Shield            |    23 |    99 |   294 ||   416
       Reflection        |       |       |    16 ||    16
